 Dungeon Crawl Stone Soup version 0.28.0-53-g5a82cb258f (webtiles) character file.

Game seed: 5569064789546681768

487 raph the Firebug (level 7, 0/50 HPs)
             Began as a Hill Orc Fire Elementalist on June 28, 2022.
             Was an Initiate of Beogh.
             Shot with an arrow by a centaur (7 damage)
             ... on level 5 of the Dungeon.
             The game lasted 00:11:23 (7035 turns).

raph the Firebug (Hill Orc Fire Elementalist)       Turns: 7035, Time: 00:11:23

Health: 0/50       AC:  2    Str: 11    XL:     7   Next: 13%
Magic:  2/10       EV: 12    Int: 17    God:    Beogh [......]
Gold:   143        SH:  0    Dex: 11    Spells: 1/11 levels left

rFire   . . .      SeeInvis .   d - +0 hand axe
rCold   . . .      Faith    .   (no shield)
rNeg    . . .      Spirit   .   a - +0 robe
rPois   .          Reflect  .   (no helmet)
rElec   .          Harm     .   (no cloak)
rCorr   .          Rampage  .   (no gloves)
Will    .....                   (no boots)
Stlth   ++........              (no amulet)
HPRegen 0.16/turn               (no ring)
MPRegen 0.12/turn               (no ring)

@: very slightly contaminated
A: no striking features
a: Renounce Religion


You were on level 5 of the Dungeon.
You worshipped Beogh.
Beogh was noncommittal.
You visited 1 branch of the dungeon, and saw 7 of its levels.

You collected 143 gold pieces.

Inventory:

Hand Weapons
 b - a +0 short sword
 d - a +0 hand axe (weapon)
Armour
 a - a +0 robe (worn)
 c - a +0 leather armour
Wands
 h - a wand of polymorph (7)
Scrolls
 i - 2 scrolls of identify
 j - a scroll of fear
 k - a scroll of enchant armour {unknown}
Potions
 e - a potion of mutation
 f - a potion of degeneration
 g - a potion of lignification


   Skills:
 - Level 2.7 Dodging
 - Level 3.0 Stealth
 - Level 2.5 Spellcasting
 + Level 3.5 Conjurations
 + Level 5.5 Fire Magic


You had one spell level left.
You knew the following spells:

 Your Spells              Type           Power      Damage    Failure   Level
a - Foxfire               Conj/Fire      68%        2x1d7     3%          1
b - Scorch                Fire           40%        2d7       3%          2
c - Conjure Flame         Conj/Fire      17%        6-21      9%          3
d - Flame Wave            Conj/Fire      17%        2d6       28%         4

Your spell library contained the following spells:

 Spells                   Type           Power      Damage    Failure   Level
 Inner Flame              Hex/Fire       11%        N/A       19%         3
 Ignite Poison            Fire/Tmut/Pois 8%         N/A       26%         3
 Mephitic Cloud           Conj/Pois/Air  6%         N/A       34%         3
 Gell's Gravitas          Tloc           2%         N/A       50%         3
 Teleport Other           Tloc           2%         N/A       50%         3
 Freezing Cloud           Conj/Ice/Air   3%         6-21      97%         5
 Dispersal                Tloc           1%         N/A       100%        6


Dungeon Overview and Level Annotations

Branches:
Dungeon (7/15)
 Temple: D:4-7

Altars:
Cheibriados
Dithmenos
Zin

Shops:
D:3 ([

Annotations:
D:3 Sigmund


Message History

The centaur shoots an arrow.
The arrow misses you.
The centaur shoots an arrow.
The arrow completely misses you.
Casting: Scorch (safe; 3% risk of failure)
Confirm with . or Enter, or press ? or * to list all spells.
Flames lash the centaur.
The centaur is lightly wounded.
The centaur shoots an arrow.
The arrow hits you!
The centaur unwields a +0 shortbow.
The centaur hits you but does no damage.
The centaur misses you.
The centaur hits you but does no damage.
The centaur barely misses you.
Casting: Scorch (safe; 3% risk of failure)
Confirm with . or Enter, or press ? or * to list all spells.
You conjure some foxfire!
The centaur barely misses you.
The centaur kicks you but does no damage.
Your foxfire dissipates!
The centaur wields a +0 shortbow.
The centaur shoots an arrow.
The arrow completely misses you.
The centaur shoots an arrow.
The arrow closely misses you.
The centaur is no longer more vulnerable to fire.
The centaur shoots an arrow.
The arrow closely misses you.
There is a stone staircase leading up here.
Casting: Foxfire (safe; 3% risk of failure)
Confirm with . or Enter, or press ? or * to list all spells.
You miscast Foxfire.
You are very lightly contaminated with residual magic.
Nothing appears to happen.
The centaur shoots an arrow.
The arrow hits you!
The centaur shoots an arrow.
The arrow closely misses you.
Casting: Foxfire (safe; 3% risk of failure)
Confirm with . or Enter, or press ? or * to list all spells.
You conjure some foxfire!
The foxfire hits the centaur but does no damage.
The centaur is lightly wounded.
The foxfire hits the centaur.
The centaur is heavily wounded.
The centaur shoots an arrow.
The arrow hits you!
* * * LOW HITPOINT WARNING * * *
The centaur shoots an arrow.
The arrow hits you!
You die...

#.#
#########.####
###
..............
..#
...........#
#.#
...........#
#.#
........)..#
#.#
.###.>....>###
#.#
#.........###§#
#######.#..c.@#
#.#.###§# #.#.#
### #.#.# #.#.#
#.#.# #.#.# #c#


You could see a centaur.

Vanquished Creatures
  An ogre (D:4)
  A centaur zombie (D:7)
  A hound (D:4)
  An orc priest (D:4)
  4 jellies (D:4)
  3 gnolls
  5 adders
  An ufetubus (D:7)
  An adder skeleton (D:4)
  3 worms
  5 orcs
  8 endoplasms
  2 giant cockroaches
  11 goblins
  3 hobgoblins
  3 jackals (D:1)
  6 kobolds
  6 quokkas
  4 ball pythons
  6 bats
  3 frilled lizards
  A quokka skeleton (D:4)
  4 rats
83 creatures vanquished.

Vanquished Creatures (others)
  An orc priest (D:4)
  2 gnolls (D:4)
  An orc (D:4)
  A giant cockroach (D:4)
  2 goblins (D:4)
  309 foxfires
316 creatures vanquished.

Grand Total: 399 creatures vanquished

Notes
Turn   | Place    | Note
-------+----------+-------------------------------------------
     0 | D:1      | raph the Hill Orc Fire Elementalist began the quest for the
                  | Orb.
     0 | D:1      | Reached XP level 1. HP: 14/14 MP: 3/3
     3 | D:1      | Found a shadowy altar of Dithmenos.
   353 | D:1      | Reached XP level 2. HP: 3/20 MP: 0/4
  1001 | D:1      | Learned a level 2 spell: Scorch
  1239 | D:1      | Reached XP level 3. HP: 11/26 MP: 2/5
  2674 | D:2      | Reached skill level 4 in Fire Magic
  2861 | D:2      | Reached XP level 4. HP: 27/33 MP: 0/7
  4180 | D:3      | Found Mablur's Antique Weapon Boutique.
  4394 | D:3      | Identified the +0 ring mail of Thoughtfulness {Str+2 Dex+6}
  4442 | D:3      | Found Zetwa's Armour Emporium.
  4465 | D:3      | Noticed Sigmund
  5011 | D:4      | Reached XP level 5. HP: 38/38 MP: 4/8
  5079 | D:4      | Became a worshipper of Beogh the Brigand
  5217 | D:4      | Learned a level 3 spell: Conjure Flame
  5616 | D:4      | Reached XP level 6. HP: 45/45 MP: 4/9
  6073 | D:4      | Reached skill level 5 in Fire Magic
  6332 | D:4      | Reached XP level 7. HP: 50/50 MP: 2/10
  6399 | D:4      | Learned a level 4 spell: Flame Wave
  6471 | D:4      | Found a shadowy altar of Dithmenos.
  6475 | D:4      | Found a snail-covered altar of Cheibriados.
  6479 | D:4      | Found a glowing silver altar of Zin.
  6732 | D:4      | You fall into a shaft and drop 3 floors!
  6975 | D:5      | Entered Level 5 of the Dungeon
  7035 | D:5      | Shot with an arrow by a centaur

Illustrated notes

Levels and vault maps discovered:
D:1:      sevenhm_arrival_forest_fort_small_6, layout_basic,
          hangedman_feature_mirror, minmay_misc_feat_doors, grunt_decor_cap,
          nicolae_wormholes
D:2:      minmay_evil_eye, layout_loops_ring, serial_rivers,
          chequers_serial_rivers_small_b, chequers_serial_rivers_large_a,
          chequers_serial_rivers_small_3, chequers_serial_rivers_room_b,
          chequers_serial_rivers_marsh, chequers_serial_rivers_small_3,
          minmay_misc_feat_four_crosses, dk_vineyard_1, minmay_quadrilaterals
D:3:      layout_loops_ring, serial_shops, nicolae_shop_hallway_plus,
          nicolae_square_shop, nicolae_shop_advertising_works
          [nicolae_subvault_shop_adworks], shop,
          nicolae_shop_temple_entry_statues_fountains,
          kennysheep_generic_room_9, uniq_sigmund, uniq_crazy_yiuf_cottage
D:4:      layout_gridville, grunt_temple_overflow_diamond
D:5:      layout_basic, mainiacjoe_overflow_boulevard,
          minmay_temple_entry_poolview, gup_sewer_entry_glass,
          lemuel_flamethrower_2
D:6:      kennysheep_spiral_hall, layout_loops_corners, minivault_26
D:7:      layout_loops_ring, uniq_maggie, uniq_prince_ribbit1

Skill      XL: |  1  2  3  4  5  6 |
---------------+-------------------+-----
Dodging        | 2 |  2.7
Stealth        | 2 3 |  3.0
Fire Magic     | 4 5 |  5.5
Spellcasting   | 2 |  2.5
Conjurations   | 2 3 |  3.5

Action                   |  1- 3 |  4- 6 |  7- 9 || total
-------------------------+-------+-------+-------++-------
Melee: Short sword       |    13 |     5 |       ||    18
       Unarmed           |     1 |       |       ||     1
       Hand axe          |       |       |     1 ||     1
 Cast: Foxfire           |    79 |    97 |    14 ||   190
       Scorch            |     5 |     9 |     8 ||    22
Invok: Convert to Beogh  |       |     1 |       ||     1
  Use: Scroll            |     3 |     6 |       ||     9
Armor: Robe              |     6 |       |     5 ||    11
       Leather armour    |    36 |     3 |       ||    39
Dodge: Dodged            |    90 |    17 |    16 ||   123
